 Dungeon Crawl Stone Soup version 0.30-a0-772-g5528072125 (webtiles) character file.

Game seed: 11857408609097333571

2499 kingofthe the Conjurer (level 9, -1/51 HPs)
             Began as an Octopode Conjurer on Feb 12, 2023.
             Was an Initiate of Sif Muna.
             Killed from afar by an electric eel (6 damage)
             ... with a bolt of electricity
             ... on level 7 of the Dungeon.
             The game lasted 00:20:06 (8375 turns).

kingofthe the Conjurer (Octopode Conjurer)          Turns: 8375, Time: 00:20:07

Health: -1/51      AC:  1    Str:  7    XL:     9   Next: 53%
Magic:  18/18      EV: 16    Int: 20    God:    Sif Muna [......]
Gold:   420        SH:  0    Dex: 14    Spells: 12/20 levels left

rFire   . . .      SeeInvis .    k - +4 dagger
rCold   . . .      Faith    .    (no shield)
rNeg    . . .      Spirit   .    (helmet restricted)
rPois   .          Reflect  .    x - amulet of regeneration
rElec   .          Harm     .    (no ring)
rCorr   .          Rampage  .    (no ring)
Will    .....                    (no ring)
Stlth   +++++                    (no ring)
HPRegen 1.08/turn                (no ring)
MPRegen 0.16/turn                (no ring)
                                 (no ring)
                                 (no ring)

@: no status effects
A: almost no armour, amphibious, 8 rings, camouflage 1, gelatinous body 1,
nimble swimmer 1, tentacles
a: Renounce Religion


You were on level 7 of the Dungeon.
You worshipped Sif Muna.
Sif Muna was noncommittal.
You visited 2 branches of the dungeon, and saw 8 of its levels.

You collected 420 gold pieces.

Inventory:

Hand Weapons
 k - a +4 dagger (weapon)
 m - a +0 dagger of freezing
 y - a +1 dagger of pain
Missiles
 p - a throwing net
Magical Staves
 C - a staff of cold
Jewellery
 q - a ring of fire
 x - an amulet of regeneration (around mantle)
Wands
 r - a wand of flame (20)
 v - a wand of mindburst (15)
 w - a wand of iceblast (12)
Scrolls
 c - 10 scrolls of identify {unknown}
 d - 2 scrolls of amnesia {unknown}
 e - 4 scrolls of immolation {unknown}
 g - 2 scrolls of noise {unknown}
 h - a scroll of blinking {unknown}
 j - 4 scrolls of teleportation {unknown}
 l - a scroll of silence {unknown}
 n - 2 scrolls of fear {unknown}
 o - 2 scrolls of poison {unknown}
 s - a scroll of vulnerability {unknown}
 B - a scroll of magic mapping {unknown}
Potions
 a - 2 potions of magic
 b - a potion of lignification {unknown}
 f - 2 potions of attraction {unknown}
 i - 5 potions of curing {unknown}
 t - a potion of might {unknown}
 u - 2 potions of degeneration {unknown}
 z - 3 potions of cancellation {unknown}
 A - a potion of heal wounds {unknown}


   Skills:
 * Level 6.6 Dodging
 - Level 6.5 Stealth
 * Level 6.1 Spellcasting
 * Level 7.1 Conjurations
 + Level 2.6 Hexes
 + Level 3.8 Translocations


You had 12 spell levels left.
You knew the following spells:

 Your Spells              Type           Power      Damage    Failure   Level
a - Magic Dart            Conj           100%       1d8       1%          1
b - Searing Ray           Conj           68%        2d6       1%          2
c - Dazzling Flash        Conj/Hex       50%        N/A       4%          3
d - Blink                 Tloc           42%        N/A       3%          2

Your spell library contained the following spells:

 Spells                   Type           Power      Damage    Failure   Level
 Momentum Strike          Conj/Tloc      56%        3d9       1%          2
 Lesser Beckoning         Tloc           42%        N/A       3%          2
 Iskenderun's Mystic Bla  Conj/Tloc      28%        2d7       11%         4
 Fulminant Prism          Conj/Hex       12%        3d9       14%         4
 Sticky Flame             Conj/Fire      20%        2d4       24%         4
 Ignite Poison            Fire/Tmut/Pois 6%         N/A       30%         3
 Anguish                  Hex/Necr       5%         N/A       52%         4
 Blade Hands              Tmut           3%         N/A       96%         5
 Iron Shot                Conj/Erth      10%        9d3       98%         6
 Enfeeble                 Hex            8%         N/A       100%        7
 Ignition                 Fire           3%         3d4       100%        8
 Animate Armour           Summ/Erth      Unusable   N/A       N/A         4

Dungeon Overview and Level Annotations

Branches:
Dungeon (7/15)             Temple (1/1) D:4

Altars:
Ashenzari
Cheibriados
Dithmenos
Fedhas
Gozag
Kikubaaqudgha
Makhleb
Nemelex Xobeh
Okawaru
Qazlal
Ru
Sif Muna
Trog
Vehumet
Wu Jian
Xom
Yredelemnul
Zin
The Shining One

Shops:
D:1 (?   D:6 [


Innate Abilities, Weirdness & Mutations

You cannot wear most types of armour.
You are amphibious.
You can wear up to eight rings at the same time.
Your skin changes colour to match your surroundings (Stealth+).
Your rubbery body absorbs attacks. (AC +1, EV +1)
You are camouflaged when in or above water. (Stealth+)
You have tentacles for arms and can constrict up to eight enemies at once.


Message History

Press: ? - help, Shift-Dir - straight line, f/p - howler monkey
Aim: a howler monkey (almost dead, 78% to hit)
The searing ray hits the howler monkey.
You kill the howler monkey!
Sif Muna accepts your kill. (Press . to maintain the ray.)
An orc comes into view.
It is wielding a +2 flail of protection.
The magic dart hits the orc.
The orc is almost dead.
The orc shouts!
An orc is nearby!
The magic dart hits the orc!
You kill the orc!
Sif Muna accepts your kill.
You hear a splash.
You now have 420 gold pieces (gained 18).
You enter the shallow water.
An electric eel comes into view.
Found a crooked runed staff.
g - 2 scrolls labelled MIBO ONEUH (gained 1)
You enter the shallow water.
Found a forked wooden wand.
You see here a staff of cold.
C - a staff of cold An electric eel comes into view.
You enter the shallow water.
There is a fountain of clear blue water here.
You enter the shallow water.
The electric eel shoots out a bolt of lightning at you!
The bolt of electricity hits you!
The electric eel shoots out a bolt of lightning at you!
The bolt of electricity hits you!
The electric eel shoots out a bolt of lightning at you!
The bolt of electricity hits you!
* * * LOW HITPOINT WARNING * * *
The electric eel shoots out a bolt of lightning at you!
The bolt of electricity hits you!
* * * LOW HITPOINT WARNING * * *
The electric eel shoots out a bolt of lightning at you!
The bolt of electricity hits you.
You die...

##.##.##.# ####''######...#.#
##.##.##.# ##~~~..S~~###.#.#.#
<........#
##~~..../.S~##.#...#
..........
##~~........~~#####.#
.####.##.. ##~~..........~~##
..# ####
.#..###~~............~~##.>.
...##.#...#~~....~~~~~~....~~#
#
#...#.#.#.#~....~⌠####⌠~....~#
..........#~....@## #~....~##
..........'.....~# #~.....'.
..........'.....~# #).....'.
..........#~....~## ##~....~#
##........#~....~⌠####⌠~....~#
####...####~~....~~~~~~.†..~~#
.###...#####~~............~~##
..###...##.##~~..........~~##
)..####.##.###~~........~~##


You could see 2 electric eels.

Vanquished Creatures
  Grinder (D:6)
  Sigmund (D:6)
  A steam dragon (D:6)
  5 water moccasins
  An orc warrior (D:6)
  A sky beast (D:6)
  A black bear (D:6)
  An ice beast (D:7)
  A centaur (D:7)
  A phantom (D:6)
  A kobold brigand (D:7)
  3 scorpions
  A wight (D:7)
  2 howler monkeys (D:7)
  3 jellies
  2 orc priests
  2 hounds (D:6)
  6 orc wizards
  3 iguanas
  Robin (D:2)
  5 adders
  A white imp (D:6)
  2 worms
  A dart slug (D:3)
  27 orcs
  3 ball pythons
  6 endoplasms
  3 giant cockroaches
  14 goblins
  9 hobgoblins
  2 jackals (D:1)
  6 kobolds
  3 quokkas
  8 bats
  3 frilled lizards
  7 rats
138 creatures vanquished.

Notes
Turn   | Place    | Note
-------+----------+-------------------------------------------
     0 | D:1      | kingofthe the Octopode Conjurer began the quest for the
                  | Orb.
     0 | D:1      | Reached XP level 1. HP: 11/11 MP: 3/3
   162 | D:1      | Reached XP level 2. HP: 9/17 MP: 0/5
   386 | D:1      | Learned a level 2 spell: Searing Ray
   464 | D:1      | Found Ifufote's Antique Weapon Shoppe.
   563 | D:1      | Found The Oracle's Delphic Readings.
   914 | D:2      | Noticed Robin
   991 | D:2      | Found a faded altar of an unknown god.
  1054 | D:2      | Reached XP level 3. HP: 21/21 MP: 2/6
  1200 | D:2      | Killed Robin
  1538 | D:2      | Reached XP level 4. HP: 27/27 MP: 0/8
  2460 | D:3      | Learned a level 3 spell: Dazzling Flash
  3140 | D:4      | Reached XP level 5. HP: 31/31 MP: 2/9
  3495 | D:4      | Reached XP level 6. HP: 36/36 MP: 2/11
  3931 | D:4      | Found a staircase to the Ecumenical Temple.
  3962 | Temple   | Entered the Ecumenical Temple
  4270 | D:4      | Found a glowing golden altar of the Shining One.
  4633 | D:5      | Entered Level 5 of the Dungeon
  4885 | D:5      | Learned a level 2 spell: Blink
  5093 | D:5      | Reached XP level 7. HP: 41/41 MP: 6/13
  5154 | D:5      | Found an ornate altar of the Wu Jian Council.
  5160 | D:5      | Reached skill level 5 in Conjurations
  5160 | D:5      | Reached skill level 1 in Translocations
  5493 | D:5      | Found a shadowy altar of Dithmenos.
  5879 | D:6      | Noticed a steam dragon
  5901 | D:6      | Killed a steam dragon
  5902 | D:6      | Reached skill level 5 in Stealth
  6099 | D:6      | Noticed Sigmund
  6109 | D:6      | Killed Sigmund
  6163 | D:6      | Reached skill level 5 in Dodging
  6163 | D:6      | Reached XP level 8. HP: 46/46 MP: 7/14
  6301 | D:6      | Noticed Grinder
  6678 | D:6      | Killed Grinder
  6679 | D:6      | Reached skill level 5 in Spellcasting
  6679 | D:6      | Reached skill level 6 in Conjurations
  6679 | D:6      | Reached skill level 1 in Hexes
  6962 | D:6      | Found Ovabb's Armour Emporium.
  7183 | D:6      | Reached XP level 9. HP: 50/51 MP: 5/17
  7263 | D:6      | Found a sparkling altar of Nemelex Xobeh.
  7270 | D:6      | Found a shimmering blue altar of Sif Muna.
  7278 | D:6      | Became a worshipper of Sif Muna the Loreminder
  7283 | D:6      | Found a bloodstained altar of Trog.
  8226 | D:7      | Reached skill level 7 in Conjurations
  8375 | D:7      | Killed from afar by an electric eel

Illustrated notes

Levels and vault maps discovered:
D:1:      lemuel_arrival_broad_hall, layout_loops_ring, serial_shops,
          shop_fountains, nicolae_nh_oracle_at_delphi
D:2:      layout_basic, ebering_ecumenical_altar_petrified, dk_noncrumbling_2,
          uniq_robin
D:3:      layout_loops_ring
D:4:      layout_loops_ring, nicolae_tso_carved_into_rock,
          minmay_temple_entry_ruins
D:5:      layout_basic, mainiacjoe_overflow_alcove_2,
          mainiacjoe_overflow_concentric_impassable
D:6:      layout_gridville, minmay_overflow_temple_star_quad, serial_shops,
          nicolae_shop_stone, minmay_misc_feat_ornament,
          hangedman_decor_clover_reticule, uniq_grinder, uniq_sigmund
D:7:      layout_loops_ring, lemuel_tele_altar, kennysheep_big_empty_room,
          kennysheep_cross_room
Temple:   compressed_dpeg_triangle_lava_temple

Skill      XL: |  1  2  3  4  5  6  7  8  9 |
---------------+----------------------------+-----
Stealth        | 3 4 5 6 |  6.5
Dodging        | 3 4 5 6 |  6.6
Spellcasting   | 3 4 5 6 |  6.1
Conjurations   | 5 6 7 |  7.1
Translocations | 2 3 |  3.8
Hexes          | 1 2 |  2.6

Action                     |  1- 3 |  4- 6 |  7- 9 || total
---------------------------+-------+-------+-------++-------
  Melee: Unarmed           |    17 |       |       ||    17
         Tentacles         |     5 |     1 |       ||     6
         Constrict         |     4 |     2 |       ||     6
         Dagger            |       |     6 |     1 ||     7
   Cast: Magic Dart        |    69 |    86 |    87 ||   242
         Searing Ray       |     3 |    22 |    39 ||    64
         Blink             |       |       |     1 ||     1
 Armour: Skin              |     1 |       |     1 ||     2
  Dodge: Dodged            |    14 |    19 |    56 ||    89

Table legend: (Time is in decaauts)
 A = Elapsed time spent in this place.
 B = Non-inter-level travel time spent in this place.
 C = Inter-level travel time spent in this place.
 D = Time resting spent in this place.
 E = Time spent auto-exploring this place.
 F = Levels seen in this place.
 G = Mean time per level.
                   A        B        C        D        E       F      G
               +--------+--------+--------+--------+--------+-----+--------+
         Total |   8388 |   8093 |    295 |   1056 |   5939 |   8 | 1048.5 |
       Dungeon |   8149 |   7866 |    283 |   1056 |   5723 |   7 | 1164.1 |
        Temple |    238 |    226 |     12 |      0 |    216 |   1 |  238.0 |
               +--------+--------+--------+--------+--------+-----+--------+

Top non-repeatable levels by time:
     D:6: 1791 daAuts
     D:4: 1330 daAuts
     D:2: 1179 daAuts
     D:5: 1139 daAuts
     D:1: 956 daAuts
     D:3: 930 daAuts
     D:7: 822 daAuts
  Temple: 238 daAuts
